AoeStats
← RIO1000

Arabia

506399052Analyzed
1v1 RM · 20d ago on Sep 13, 2026· 65m 48s· 2 players
Game mode
Random Map
Map size
Tiny (2 player)
Population
200
Speed
Normal
Resources
Standard
Victory
Conquest
Starting age
Dark Age
Ending age
Imperial Age
RankedLock teamsTeams togetherTeam positionsShared explorationLock speedFull tech treeHidden civsTurbo modeCheats
Victory
Defeat
🇲🇽 Magyars · Mexico
906
+17
🇫🇷 Britons · France
936
-17
RIO1000
7:59 Loom
10:07 Feudal Age
19:31 Castle Age
20:30 Double-Bit Axe
22:56 Horse Collar
28:44 Heavy Plow
28:54 Gold Mining
30:57 Stone Mining
32:35 Gold Shaft Mining
32:10 Husbandry
40:03 Bloodlines
41:48 Wheelbarrow
44:32 Imperial Age
44:34 Bow Saw
46:14 Hand Cart
47:03 Two-Man Saw
47:31 Cavalier
47:39 Heavy Scorpion
51:07 Ballistics
51:48 Chemistry
51:11 Conscription
52:06 Crop Rotation
53:23 Scale Barding Armor
56:52 Corvinian Army
56:42 Light Cavalry
58:16 Hussar
60:04 Chain Barding Armor
シ『Ph 7 DAN 犬 Zan
7:03 Loom
9:10 Feudal Age
7:25 Loom
9:47 Man-at-Arms
20:48 Double-Bit Axe
21:51 Gold Mining
24:50 Castle Age
23:10 Fletching
23:21 Padded Archer Armor
24:36 Scale Mail Armor
24:49 Forging
25:56 Bow Saw
25:20 Crossbowman
26:26 Bodkin Arrow
27:01 Scale Mail Armor
29:49 Wheelbarrow
30:28 Pikeman
35:09 Town Watch
36:15 Horse Collar
37:35 Gold Shaft Mining
38:50 Ballistics
38:27 Murder Holes
43:11 Heavy Plow
44:57 Hand Cart
48:09 Imperial Age
48:32 Yeomen
47:50 Light Cavalry
49:10 Conscription
49:53 Chemistry
48:59 Siege Engineers
53:39 Long Swordsman
54:59 Halberdier
56:35 Two-Handed Swordsman
57:22 Bracer
57:59 Iron Casting
Connection lost

Rejoining the realm…

Still unreachable

The connection could not be restored.

Session expired

The server has moved on; the page needs a fresh start.